 Dungeon Crawl Stone Soup version 0.20-a0-903-g7e3609c (webtiles) character file.

17154 AlphabetPasta the Summoner (level 11, -15/84 HPs)
             Began as a Demigod Summoner on Mar 20, 2017.
             Demolished by a death yak simulacrum (26 damage)
             ... in an ice cave.
             The game lasted 01:55:00 (20240 turns).

AlphabetPasta the Summoner (Demigod Summoner)      Turns: 20240, Time: 01:55:02

Health: -15/84     AC: 12    Str: 15    XL:     11   Next: 88%
Magic:  18/26      EV: 17    Int: 25    God:
Gold:   319        SH:  0    Dex: 16    Spells: 6/24 levels left

rFire    . . .     SeeInvis .   a - +3 trident (drain)
rCold    . . .     Gourm    .   L - +0 troll leather armour
rNeg     . . .     Faith    .   (no shield)
rPois    .         Spirit   .   R - +0 helmet
rElec    .         Reflect  .   d - +1 cloak
rCorr    .         Harm     .   u - +0 pair of gloves
MR       +....                  C - +2 pair of boots
Stlth    +.........             (no amulet)
Regen    0.7/turn               A - +2 ring of evasion
MPRegen  0.2/turn               t - +4 ring of intelligence

@: confused, infused (expiring)
A: high mp 1
a: no special abilities


You were in an ice cave.
You were not hungry.

You visited 2 branches of the dungeon, and saw 15 of its levels.
You visited 1 bazaar.
You also visited: Ice Cave.

You collected 805 gold pieces.
You spent 486 gold pieces at shops.

Inventory:

Hand Weapons
 a - a +3 trident of draining (weapon)
 b - a -3 blowgun
Missiles
 j - 19 tomahawks (quivered)
 r - 58 poisoned needles
 v - 2 needles of frenzy
 z - 9 curare-tipped needles
Armour
 d - a +1 cloak (worn)
 u - a +0 pair of gloves (worn)
 C - a +2 pair of boots (worn)
 L - a +0 troll leather armour (worn)
 R - a +0 helmet (worn)
Jewellery
 h - an uncursed ring of flight
 t - a +4 ring of intelligence (left hand)
 A - a +2 ring of evasion (right hand)
Wands
 e - a wand of confusion (21/48)
 p - a wand of iceblast (0/15)
 E - a wand of disintegration (0/24)
 F - a wand of iceblast (6/15)
 K - a wand of polymorph (9/24)
 Q - a wand of paralysis (0/24)
 S - a wand of acid (10/15)
Scrolls
 g - a scroll of summoning
 n - 2 scrolls of magic mapping
 s - 2 scrolls of identify
 x - 2 scrolls of amnesia
 H - a scroll of remove curse
 J - 2 scrolls of fog
 W - 2 scrolls of fear
Potions
 i - a potion of resistance
 k - 3 potions of brilliance
 l - a potion of magic
 B - a potion of cancellation
 I - a potion of haste
 M - a potion of curing
 N - 2 potions of ambrosia
Books
 G - a book of Battle

   Spells                             Type                      Level
   a - Infusion                       Charms                       1
   b - Shroud of Golubria             Charms/Translocation         2
   c - Song of Slaying                Charms                       2
   d - Spectral Weapon                Hexes/Charms                 3
   e - Regeneration                   Charms/Necromancy            3
Comestibles
 o - 10 chunks of flesh
 w - 8 meat rations
 D - 12 bread rations


   Skills:
 - Level 4.1 Fighting
   Level 1.5(4.4) Axes
 * Level 6.6(6.7) Polearms
 - Level 3.3 Throwing
 + Level 4.9 Armour
 - Level 6.0 Dodging
 - Level 1.7 Stealth
 + Level 7.3 Spellcasting
 + Level 3.8 Charms
 + Level 10.6 Summonings
 - Level 4.1 Translocations
 - Level 1.0 Ice Magic
 + Level 2.4 Evocations


You had 6 spell levels left.
You knew the following spells:

 Your Spells              Type           Power        Failure   Level  Hunger
a - Summon Small Mammal   Summ           ####         1%          1    None
b - Call Imp              Summ           ######..     1%          2    None
c - Call Canine Familiar  Summ           ######..     1%          3    None
d - Summon Ice Beast      Ice/Summ       #####...     10%         4    ###....
e - Blink                 Tloc           N/A          2%          2    None
f - Shroud of Golubria    Chrm/Tloc      ####......   2%          2    None
g - Infusion              Chrm           ####         1%          1    None
h - Regeneration          Chrm/Necr      ###.......   12%         3    None


Dungeon Overview and Level Annotations

Branches:
Dungeon (13/15)            Temple (0/1) D:7            Lair (2/6) D:10
    Orc (0/2) D:10
  Swamp: Lair:2-4    Shoals: Lair:2-4     Snake: Lair:2-4    Spider: Lair:2-4
 Vaults: D:13-14

Shops:
D:10 *[:(=

Annotations:
D:12 Sonja; ViktorHollow's ghost, journeyman MiBe


Innate Abilities, Weirdness & Mutations

You have an increased reservoir of magic. (+10% MP)


Message History

Your white imp hits the death yak simulacrum but does no damage.
The death yak simulacrum completely misses your white imp.
Your wolf bites the death yak simulacrum.
Your wolf bites the death yak simulacrum.
Your white imp hits the death yak simulacrum but does no damage.
The death yak simulacrum gores your white imp!
Your white imp dies!
Evoke which item? (* to show all) (? for menu, Esc to quit)
Okay, then.
You are confused.
You feel invigorated.
Your wolf bites the death yak simulacrum.
The death yak simulacrum vapourises!
You hit the death yak simulacrum!
The death yak simulacrum is lightly damaged.
The death yak simulacrum barely misses you.
The death yak simulacrum gores you.
* * * LOW HITPOINT WARNING * * *
The death yak simulacrum freezes you!!
You die...

#### ##..######
##....##Z@##
#.....h.Z..##
#.∩.∩.(.....#
#.......##....#
##....### #..##
##..## ### ####


You could see 2 death yak simulacra and a friendly wolf.

Vanquished Creatures
  A hydra (Lair:1)
  A two-headed ogre (D:6)
  2 spiny frogs
  A centaur skeleton (D:12)
  5 komodo dragons
  3 trolls
  4 hippogriffs
  Sigmund (D:3)
  2 wyverns (D:11)
  8 yaks
  A hungry ghost (D:13)
  A basilisk (D:9)
  An acid dragon (D:11)
  2 porcupines
  6 water moccasins
  Duvessa (D:4)
  2 black bears
  9 ice beasts
  3 sky beasts
  4 orc warriors
  An eye of draining (D:13)
  A black bear (shapeshifter) (D:13)
  A phantom (D:9)
  A wolf (D:10)
  3 ogres
  4 centaurs
  3 crocodiles
  9 bullfrogs
  3 big kobolds
  Dowan (D:4)
  A wyvern zombie (D:8)
  2 scorpions
  9 wights
  8 howler monkeys
  6 electric eels (D:10)
  9 crimson imps
  A bullfrog zombie (D:11)
  10 hounds
  5 jellies
  Crazy Yiuf (D:6)
  3 centaur zombies
  6 orc priests
  A gnoll shaman (D:9)
  11 orc wizards
  3 iguanas
  8 worker ants
  A hound skeleton (D:9)
  A worker ant zombie (D:7)
  2 gnolls (D:9)
  9 adders
  A howler monkey skeleton (D:7)
  3 shadow imps
  An ooze (D:3)
  2 adder skeletons
  2 worms
  2 dart slugs
  6 leopard geckos
  37 orcs
  4 ball pythons
  6 giant cockroaches
  7 goblins
  11 hobgoblins
  9 jackals
  4 quokkas
  7 bats
  3 frilled lizards
  2 jackal skeletons
  20 kobolds
  A quokka skeleton (D:9)
  A rat (D:3)
  3 fungi (D:6)
314 creatures vanquished.

Vanquished Creatures (collateral kills)
  A hydra (Lair:1)
  A two-headed ogre (D:11)
  An unseen horror (D:11)
  A centaur zombie (D:13)
  A black mamba (Lair:1)
  A troll (D:9)
  A hornet (D:10)
  A hippogriff (D:13)
  A wraith (D:11)
  4 yaks
  A hungry ghost (D:11)
  A death yak simulacrum (IceCv)
  An acid dragon (D:13)
  An eye of draining (D:11)
  3 ogres
  A centaur (D:7)
  A bullfrog (D:9)
  4 wights (D:9)
  A howler monkey (D:5)
  A crimson imp (D:5)
  A quasit (D:9)
  2 orc priests
  A bullfrog skeleton (D:5)
  2 hounds
  2 orc wizards
  A worker ant (D:9)
  A wolf simulacrum (IceCv)
  2 gnolls (D:9)
  3 adders
  An adder skeleton (D:9)
  An adder zombie (D:9)
  A worm (D:3)
  14 orcs
  2 kobolds
  A ball python (D:4)
63 creatures vanquished.

Vanquished Creatures (others)
  A centaur (D:7)
  A howler monkey (D:7)
  2 adders (D:7)
  A plant (Lair:1)
5 creatures vanquished.

Grand Total: 382 creatures vanquished

Notes
Turn   | Place    | Note
-------+----------+-------------------------------------------
     0 | D:1      | AlphabetPasta the Demigod Summoner began the quest for the Orb.
     0 | D:1      | Reached XP level 1. HP: 14/14 MP: 5/5
   396 | D:1      | Reached XP level 2. HP: 20/22 MP: 7/7
   404 | D:1      | Learned a level 2 spell: Call Imp
   823 | D:1      | Reached skill level 1 in Fighting
  1230 | D:2      | Reached skill level 1 in Armour
  1432 | D:2      | Reached skill level 4 in Summonings
  1432 | D:2      | Reached XP level 3. HP: 9/28 MP: 3/8
  1981 | D:2      | Found a basalt altar of Yredelemnul.
  2005 | D:2      | Learned a level 3 spell: Call Canine Familiar
  2640 | D:3      | Found a white marble altar of Elyvilon.
  2669 | D:3      | Found a faded altar of an unknown god.
  3738 | D:3      | HP: 1/28 [worm (6)]
  3753 | D:3      | Reached XP level 4. HP: 3/35 MP: 3/9
  4050 | D:3      | Noticed Sigmund
  4075 | D:3      | Killed Sigmund
  4075 | D:3      | Reached skill level 1 in Axes
  4075 | D:3      | Reached XP level 5. HP: 35/40 MP: 9/11
  4107 | D:3      | Reached skill level 5 in Summonings
  4121 | D:3      | You fall through a shaft!
  4462 | D:4      | Noticed an ogre
  4499 | D:3      | Killed an ogre
  4499 | D:3      | Reached XP level 6. HP: 4/47 MP: 10/13
  5342 | D:4      | Found a blossoming altar of Fedhas.
  5342 | D:4      | Found a faded altar of an unknown god.
  5347 | D:4      | Found a bloodstained altar of Trog.
  5349 | D:4      | Found a hazy altar of Hepliaklqana.
  5351 | D:4      | Found a faded altar of an unknown god.
  5460 | D:4      | Learned a level 3 spell: Call Canine Familiar
  5686 | D:4      | Noticed Duvessa
  5722 | D:4      | Noticed Dowan
  5750 | D:4      | Killed Duvessa
  6230 | D:4      | Reached XP level 7. HP: 55/55 MP: 8/14
  6254 | D:4      | Killed Dowan
  6299 | D:5      | Entered Level 5 of the Dungeon
  6700 | D:5      | Reached skill level 6 in Summonings
  6868 | D:5      | Found a sparkling altar of Nemelex Xobeh.
  7029 | D:5      | Reached skill level 1 in Polearms
  7193 | D:6      | Noticed a two-headed ogre
  8003 | D:6      | Reached skill level 1 in Throwing
  8020 | D:6      | Killed a two-headed ogre
  8020 | D:6      | Reached skill level 7 in Summonings
  8020 | D:6      | Reached skill level 1 in Evocations
  8020 | D:6      | Reached XP level 8. HP: 61/61 MP: 11/17
  8030 | D:6      | Learned a level 4 spell: Summon Ice Beast
  8047 | D:6      | Identified the cursed +0 lajatang of Weix {flame, rN+} (You found it on level 6 of the Dungeon)
  8439 | D:6      | Found a runed door.
  8444 | D:6      | Noticed Crazy Yiuf
  8455 | D:6      | Killed Crazy Yiuf
  8560 | D:7      | Found a staircase to the Ecumenical Temple.
  9091 | D:7      | Learned a level 2 spell: Blink
 10138 | D:7      | Learned a level 2 spell: Shroud of Golubria
 10475 | D:7      | Reached skill level 8 in Summonings
 10475 | D:7      | Reached skill level 1 in Translocations
 10492 | D:7      | Reached XP level 9. HP: 51/68 MP: 19/19
 10805 | D:8      | Reached skill level 5 in Spellcasting
 10989 | D:8      | Reached skill level 1 in Ice Magic
 11766 | D:8      | Found a shimmering altar of Xom.
 11808 | D:8      | Reached skill level 1 in Charms
 12423 | D:9      | Reached skill level 5 in Dodging
 12445 | D:9      | Noticed a two-headed ogre
 12812 | D:9      | Reached skill level 9 in Summonings
 13582 | D:9      | Reached XP level 10. HP: 43/77 MP: 22/22
 14602 | D:9      | Found a deep blue altar of Sif Muna.
 14661 | D:9      | Found a burning altar of Makhleb.
 14852 | D:10     | Entered Level 10 of the Dungeon
 14852 | D:10     | Found Qegolecs's Assorted Antiques.
 14966 | D:10     | Found Xikkyeno's Book Boutique.
 15046 | D:10     | Found Horr's Jewellery Shoppe.
 15048 | D:10     | Found Achepp's Weapon Emporium.
 15150 | D:10     | Bought a scroll labeled EXUDAUFIRO for 35 gold pieces
 15150 | D:10     | Bought a helmet for 157 gold pieces
 15150 | D:10     | Bought a scroll labeled OTSOULU NUGINU for 35 gold pieces
 15150 | D:10     | Bought a scroll labeled CIDIBE ORECOXT for 35 gold pieces
 15434 | D:10     | Found a deep blue altar of Sif Muna.
 16024 | D:10     | Found a staircase to the Lair.
 16100 | D:10     | Found a staircase to the Orcish Mines.
 16150 | D:10     | Found Cociru's Armour Boutique.
 16392 | D:11     | Killed an unseen horror
 16534 | D:11     | Found a flickering gateway to a bazaar.
 16543 | Bazaar   | Entered a bazaar
 16547 | Bazaar   | Found Ujocri's Distillery.
 16565 | Bazaar   | Found Raycvi's Antique Weapon Emporium.
 16582 | Bazaar   | Found Iblelax's Armour Boutique.
 16599 | Bazaar   | Found Domp's Antique Armour Shoppe.
 16621 | Bazaar   | Bought a potion of heal wounds for 80 gold pieces
 16621 | Bazaar   | Bought a potion of agility for 64 gold pieces
 16621 | Bazaar   | Bought a potion of heal wounds for 80 gold pieces
 16917 | D:11     | Reached skill level 10 in Summonings
 16921 | D:11     | Learned a level 1 spell: Infusion
 17211 | D:11     | Reached XP level 11. HP: 72/82 MP: 13/24
 17338 | D:11     | Reached skill level 5 in Polearms
 17517 | D:11     | Noticed a two-headed ogre
 17529 | D:11     | Killed a two-headed ogre
 17745 | D:12     | You fall through a shaft!
 18372 | D:12     | Noticed Sonja
 18375 | D:12     | Noticed ViktorHollow's ghost (journeyman MiBe)
 18442 | D:12     | You fall through a shaft!
 18758 | D:13     | Noticed a tengu warrior
 18759 | D:13     | Noticed a tengu warrior
 19065 | Lair:1   | Entered Level 1 of the Lair of Beasts
 19514 | Lair:1   | Noticed a seven-headed hydra
 19538 | Lair:1   | Killed a seven-headed hydra
 19599 | Lair:1   | Noticed a five-headed hydra
 19613 | Lair:1   | Killed a five-headed hydra
 20084 | Lair:1   | Learned a level 3 spell: Regeneration
 20138 | Lair:2   | Found a frozen archway.
 20221 | IceCv    | Entered an ice cave
 20233 | IceCv    | HP: 1/84 [death yak simulacrum (21)]
 20240 | IceCv    | Demolished by a death yak simulacrum

Vault maps used:
D:1:      lemuel_arrival_room
D:2:      lemuel_doored_altar, first_bread, minmay_goblin_outpost
D:3:      chequers_ecumenical_altar_simple, elyvilon_altar_1, uniq_sigmund
D:4:      chequers_temple_overflow_minitemple, uniq_duvessa
D:5:      nemelex_xobeh_ov_fountains_minmay
D:6:      uniq_crazy_yiuf_cottage
D:7:      lemuel_temple_firewalk_b, grunt_ogre_cave, serial_park_tiny_2,
          minmay_misc_feat_five
D:8:      kennysheep_mini
D:9:      lightli_temple_of_fire, nicolae_overflow_crystal_walls,
          minmay_unpleasant_kobolds
D:10:     erik_lair_island, orc_0_dummy, serial_shops, shop, shop_coins, shop,
          nicolae_shop_stone, shop, basic_altar
D:11:     serial_shops, bzr_entry_dummy
D:12:     nicolae_qazlal_style_of_elements, uniq_sonja, uniq_psyche
Lair:1:   grunt_megastairs_2
Lair:2:   portal_ice_cave_entry_ice_beasts
Bazaar:   bazaar_jpeg_circle_common
IceCv:    ice_cave_small_necro

Skill      XL: |  1  2  3  4  5  6  7  8  9 10 11 |
---------------+----------------------------------+-----
Dodging        | 2 3 4 5 6 |  6.0
Fighting       | 1 2 3 4 |  4.1
Armour         | 1 2 3 4 |  4.9
Summonings     | 4 5 7 8 9 10 | 10.6
Spellcasting   | 2 3 4 5 6 7 |  7.3
Axes           | 1 |  1.5
Polearms       | 1 2 3 4 6 |  6.6
Throwing       | 1 2 3 |  3.3
Evocations     | 1 2 |  2.4
Translocations | 1 2 3 4 |  4.1
Ice Magic      | 1 |  1.0
Charms         | 1 2 3 |  3.8
Stealth        | |  1.7

Action                   |  1- 3 |  4- 6 |  7- 9 | 10-12 || total
-------------------------+-------+-------+-------+-------++-------
Melee: Unarmed           |    25 |       |       |       ||    25
       Hand axe          |   216 |    75 |       |       ||   291
       War axe           |       |    27 |   595 |   109 ||   731
       Trident           |       |       |       |   759 ||   759
 Fire: Blowgun           |       |     8 |    18 |    10 ||    36
Throw: Tomahawk          |       |       |     6 |    34 ||    40
       Javelin           |       |       |    22 |    17 ||    39
 Cast: Call Imp          |     2 |     2 |     2 |     8 ||    14
       Call Canine Famil |     2 |     6 |    16 |    26 ||    50
       Shroud of Golubri |       |       |     1 |    12 ||    13
       Infusion          |       |       |       |    11 ||    11
       Blink             |       |       |       |     1 ||     1
Evoke: Wand              |       |       |     5 |     6 ||    11
  Use: Scroll            |     6 |     8 |     9 |    11 ||    34
       Potion            |       |     6 |     2 |     8 ||    16
 Stab: Sleeping          |     3 |     2 |     6 |     4 ||    15
       Distracted        |       |     1 |       |     2 ||     3
       Paralysed         |       |       |       |     2 ||     2
  Eat: Chunk             |     9 |     5 |     6 |    21 ||    41
       Fruit             |       |     3 |     3 |     3 ||     9
       Royal jelly       |       |     1 |     1 |     1 ||     3
       Meat ration       |       |       |     3 |       ||     3
Armor: Leather armour    |    75 |    28 |   146 |       ||   249
       Robe              |     9 |       |       |       ||     9
       Ring mail         |       |       |    41 |    48 ||    89
       Troll leather arm |       |       |       |   229 ||   229
Dodge: Dodged            |   155 |    69 |   520 |   729 ||  1473
